 Dungeon Crawl Stone Soup version 0.18.1-8-gdd0e5ea (console) character file.

47530 Kloppie the Severer (level 14, -12/138 HPs)
             Began as a Hill Orc Berserker on June 11, 2016.
             Was a High Priest of Trog.
             Mangled by an orc knight
             ... wielding a +0 halberd
              (28 damage)
             ... on level 2 of the Orcish Mines.
             The game lasted 00:34:24 (22760 turns).

Kloppie the Severer (Hill Orc Berserker)           Turns: 22760, Time: 00:34:25

Health: -12/138    AC: 22    Str: 21    XL:     14   Next: 42%
Magic:  23/23      EV: 13    Int:  7    God:    Trog [*****.]
Gold:   1769       SH:  0    Dex: 19    Spells: 0 memorised, 13 levels left

rFire  x . .     SeeInvis .     a - +1 battleaxe (drain)
rCold  . . .     Gourm    .     D - +0 plate armour
rNeg   + . .     Faith    .     (shield currently unavailable)
rPois  +         Spirit   .     q - +1 helmet
rElec  .         Dismiss  .     (no cloak)
rCorr  +         Reflect  .     (no gloves)
SustAt .         Harm     .     (no boots)
MR     +++++     Clarity  +     e - amulet of the Four Winds {rN+ MR+++ Clar}
Stlth  ..........               H - ring "Ryut" {rPois rF- MP+9 AC+3}
                                d - ring of resist corrosion

@: agile, regenerating, almost entirely resistant to hostile enchantments,
extremely unstealthy
A: no striking features
a: Berserk, Trog's Hand, Brothers in Arms, Burn Spellbooks, Renounce Religion,
Convert to Beogh


You were on level 2 of the Orcish Mines.
You worshipped Trog.
Trog was extremely pleased with you.
You were hungry.

You visited 3 branches of the dungeon, and saw 19 of its levels.
You also visited: Ice Cave.

You collected 1769 gold pieces.

Inventory:

Hand Weapons
 a - a +1 battleaxe of draining (weapon)
 b - a +7 executioner's axe of flaming
 w - a +0 hand axe of flaming
 R - a +0 battleaxe of freezing
Armour
 q - a +1 helmet (worn)
 D - a +0 plate armour (worn)
Jewellery
 d - a ring of resist corrosion (left hand)
 e - the amulet of the Four Winds (around neck) {rN+ MR+++ Clar}
   (You found it on level 5 of the Dungeon)

   [amulet of nothing]

   It protects you from negative energy.
   It affects your resistance to hostile enchantments.
   It protects you against confusion.
 p - the ring of Luss {*Tele rF+ Int+6}
   (You found it on level 5 of the Dungeon)

   [ring of teleportation]

   It may teleport you next to monsters.
   It affects your intelligence (+6).
   It protects you from fire.
 B - an uncursed ring of protection from magic
 E - a +4 amulet of reflection
 H - the ring "Ryut" (right hand) {rPois rF- MP+9 AC+3}
   (You found it in an ice cave)

   [ring of protection]

   It affects your AC (+3).
   It makes you vulnerable to fire.
   It protects you from poison.
   It affects your magic capacity (+9).
Wands
 F - a wand of lightning (15/15)
 G - a wand of flame (26/48)
 M - a wand of confusion (26/48)
Scrolls
 f - 5 scrolls of teleportation
 i - 5 scrolls of remove curse
 j - a scroll of enchant armour
 n - 3 scrolls of blinking
 r - 10 scrolls of identify
 s - 2 scrolls of enchant weapon
 y - 2 scrolls of magic mapping
 K - 2 scrolls of fog
 L - a scroll of fear
 Q - a scroll of vulnerability
 U - a scroll of recharging
Potions
 h - 3 potions of might
 k - a potion of cancellation
 l - a potion of ambrosia {unknown}
 m - 6 potions of curing
 t - 2 potions of flight
 v - a potion of beneficial mutation {unknown}
 x - 3 potions of haste
 A - 3 potions of brilliance
 C - 2 potions of berserk rage
 I - a potion of magic
 P - a potion of resistance
Comestibles
 c - 12 bread rations
 g - 9 royal jellies
 u - 2 beef jerkies
 z - 7 meat rations
 N - 9 chunks of flesh


   Skills:
 + Level 16.5 Fighting
 + Level 17.8 Axes
 + Level 15.0 Armour
 - Level 1.5 Dodging


You had 13 spell levels left.
You didn't know any spells.

Dungeon Overview and Level Annotations

Branches:
Dungeon (10/15)            Temple (0/1) D:6            Lair (7/8) D:8
  Swamp (0/4) Lair:5        Snake (0/4) Lair:5          Orc (2/2) D:10
  Slime: Lair:6-8       Elf: Orc:2

Altars:
Ashenzari
Dithmenos
Elyvilon
Fedhas
Kikubaaqudgha
Makhleb
Nemelex Xobeh
Pakellas
Trog
Vehumet
Xom
Yredelemnul
Zin
Beogh

Shops:
D:8 (   D:9 *


Message History

The orc knight hits your ogre with a battleaxe!!
Your ogre dies!
Your ogre's corpse disappears in a puff of smoke!
Your two-headed ogre hits the orc knight with a giant club!
Your two-headed ogre hits the orc knight with a giant club.
The orc sorcerer gestures wildly while chanting.
The orc hits you but does no damage.
The orc priest shouts, "Beogh is our master!
Accept the truth or die!"
Drink which item? (? for menu, Esc to quit)
You feel much better. The orc priest closely misses you.
The orc warlord roars a battlecry!
The orc warrior goes into a battle-frenzy!
The orc warlord hits you with a battleaxe!
* * * LOW HITPOINT WARNING * * *
The orc high priest hits you but does no damage.
The orc priest invokes the aid of Beogh against you.
Beogh smites you!
* * * LOW HITPOINT WARNING * * *
The orc knight hits you from afar with a halberd!!
You die...

.#...............†.).#....
....$...........[).)).....
........<......)))##......
...............))).#......
.....o......)...#.........
...#......................
.......[.....))......#....
........o.........#.#.....
########o@..)############.
#..Ooo)...# #. #.§oooo3..#
#.


#.o.ooooo.# #. #.o.ooo.o.# #. #.......oo# #. .o........... #. o.......o.... #.
............... #. You could see an orc warlord, 3 orc knights, 2 orc high
priests, a neqoxec, 2 orc sorcerers, 4 orc warriors, 6 orc priests, 2 orc
wizards, 5 orcs and a friendly two-headed ogre (berserk).

Vanquished Creatures
  Rupert (Orc:1)
  A frost giant (IceCv)
  7 hydras
  Harold (D:10)
  An unseen horror (D:9)
  An orc knight (Orc:2)
  An orc sorcerer (Orc:1)
  A cyclops (Orc:2)
  A griffon (Lair:5)
  The ghost of Ery the Skirmisher, a novice MiBe of Trog (D:5)
  3 elephants (Lair:5)
  8 black mambas
  A centaur zombie (D:10)
  10 spiny frogs
  4 rime drakes
  4 komodo dragons
  A troll (Orc:1)
  13 polar bears (IceCv)
  3 blink frogs (Lair:2)
  Sigmund (D:2)
  The ghost of KrisztiCat the Digger, an amateur GrEE (D:4)
  51 yaks
  A wyvern (D:10)
  11 hippogriffs
  3 basilisks
  2 wargs
  2 nagas (Lair:5)
  4 swamp worms (Lair:5)
  9 porcupines
  15 water moccasins
  3 black bears
  A wasp (D:10)
  12 orc warriors
  2 sky beasts
  9 ice beasts
  A necrophage (D:10)
  A phantom (D:4)
  3 centaurs
  16 wolves
  7 ogres
  7 crocodiles
  A big kobold (D:10)
  18 giant frogs
  A wyvern zombie (D:10)
  2 scorpions
  A wyvern skeleton (D:9)
  6 killer bees (D:8)
  2 electric eels (Lair:5)
  4 wights (D:6)
  A troll skeleton (D:9)
  A howler monkey (D:6)
  2 spriggan skeletons (D:9)
  2 crimson imps
  A quasit (D:10)
  6 hounds
  4 jellies
  4 centaur skeletons
  11 orc priests
  A giant frog skeleton (D:6)
  9 iguanas
  17 orc wizards
  2 worker ants
  A killer bee zombie (D:8)
  12 sheep (Lair:4)
  2 hound skeletons
  A worker ant zombie (D:8)
  A gnoll (D:1)
  46 river rats
  9 adders
  2 shadow imps
  2 oozes
  3 adder skeletons
  5 worms
  3 dart slugs
  7 giant geckos
  57 orcs
  4 giant cockroaches
  7 goblins
  9 hobgoblins
  16 jackals
  7 quokkas
  A ball python (D:7)
  8 bats
  2 giant gecko skeletons
  5 giant newts
  16 kobolds
  10 rats
  4 fungi
  A plant (Lair:5)
562 creatures vanquished.

Vanquished Creatures (collateral kills)
  The ghost of xarlamp the Fencer, a journeyman MiFi of Okawaru (Lair:5)
  An orc sorcerer (Orc:2)
  A naga (Lair:5)
  4 orc warriors (Orc:2)
  6 orc wizards (Orc:2)
  2 orc priests (Orc:2)
  3 orcs (Orc:2)
18 creatures vanquished.

Vanquished Creatures (others)
  3 wolves (IceCv)
  5 fungi
  4 plants (Lair:5)
12 creatures vanquished.

Grand Total: 592 creatures vanquished

Notes
Turn   | Place    | Note
--------------------------------------------------------------
     0 | D:1      | Kloppie the Hill Orc Berserker began the quest for the Orb.
     0 | D:1      | Reached XP level 1. HP: 19/19 MP: 1/1
   452 | D:1      | Reached XP level 2. HP: 19/27 MP: 2/2
   610 | D:1      | Reached XP level 3. HP: 33/33 MP: 3/3
   676 | D:1      | Reached ** piety under Trog
  1056 | D:2      | Found a blossoming altar of Fedhas.
  1197 | D:2      | Reached skill level 5 in Axes
  1376 | D:2      | Reached XP level 4. HP: 40/40 MP: 4/4
  1477 | D:2      | Noticed Sigmund
  1492 | D:2      | Killed Sigmund
  1492 | D:2      | Reached skill level 5 in Fighting
  1492 | D:2      | Reached skill level 6 in Axes
  1492 | D:2      | Reached XP level 5. HP: 39/48 MP: 5/5
  1492 | D:2      | Reached XP level 6. HP: 45/56 MP: 6/6
  2273 | D:3      | Reached *** piety under Trog
  2582 | D:3      | Found a bloodstained altar of Trog.
  2884 | D:3      | Found a bloodstained altar of Trog.
  3109 | D:4      | Noticed KrisztiCat's ghost (amateur GrEE)
  3119 | D:4      | Killed KrisztiCat's ghost
  3119 | D:4      | Reached skill level 7 in Axes
  3119 | D:4      | Reached skill level 5 in Armour
  3119 | D:4      | Reached XP level 7. HP: 63/63 MP: 7/7
  3795 | D:4      | Found a burning altar of Makhleb.
  3944 | D:4      | Reached **** piety under Trog
  3969 | D:4      | Found a shattered altar of Ashenzari.
  4020 | D:4      | Reached XP level 8. HP: 44/71 MP: 8/8
  4050 | D:4      | Got a faintly humming ring mail
  4052 | D:4      | Identified the +2 ring mail of the Suburbs {rElec rF+ rC-} (You found it on level 4 of the Dungeon)
  4188 | D:4      | Found a sparkling altar of Nemelex Xobeh.
  4263 | D:4      | Found an ancient bone altar of Kikubaaqudgha.
  4326 | D:4      | Found a shadowy altar of Dithmenos.
  4336 | D:4      | Found a glowing silver altar of Zin.
  4373 | D:4      | Reached skill level 8 in Axes
  5030 | D:5      | Entered Level 5 of the Dungeon
  5041 | D:5      | Noticed Ery's ghost (novice MiBe)
  5054 | D:5      | Killed Ery's ghost
  5104 | D:5      | Reached skill level 9 in Axes
  5275 | D:5      | Got a translucent copper ring
  5279 | D:5      | Identified the ring of Luss {*Tele rF+ Int+6} (You found it on level 5 of the Dungeon)
  5312 | D:5      | Found a shimmering altar of Xom.
  5664 | D:5      | Found an oddly glowing altar of Pakellas.
  5783 | D:6      | Reached XP level 9. HP: 75/82 MP: 9/9
  5923 | D:6      | Found a staircase to the Ecumenical Temple.
  6160 | D:6      | Reached skill level 10 in Axes
  6728 | D:7      | Found a white marble altar of Elyvilon.
  7329 | D:7      | Received a gift from Trog
  7649 | D:8      | Found a staircase to the Lair.
  8048 | D:8      | Reached skill level 11 in Axes
  8076 | D:8      | Reached skill level 10 in Fighting
  8077 | D:8      | Reached XP level 10. HP: 53/93 MP: 10/10
  8325 | D:8      | Found Gifraonner's Antique Weapon Shop.
  8787 | Lair:1   | Entered Level 1 of the Lair of Beasts
  8787 | Lair:1   | Found a frozen archway.
  8787 | Lair:1   | Noticed a spiny frog
  8799 | Lair:1   | Killed a spiny frog
  8937 | IceCv    | Entered an ice cave
  9032 | IceCv    | Reached skill level 12 in Axes
  9351 | IceCv    | Got a flickering copper ring
  9352 | IceCv    | Identified the ring "Ryut" {rPois rF- MP+9 AC+3} (You found it in an ice cave)
  9389 | IceCv    | Reached skill level 10 in Armour
  9717 | IceCv    | Reached XP level 11. HP: 14/104 MP: 11/11
 10108 | IceCv    | Reached skill level 13 in Axes
 10793 | IceCv    | Noticed a frost giant
 10821 | IceCv    | Killed a frost giant
 10898 | IceCv    | Reached skill level 14 in Axes
 12865 | Lair:1   | Received a gift from Trog
 12891 | Lair:2   | Reached XP level 12. HP: 100/115 MP: 12/12
 13789 | Lair:2   | Noticed an eight-headed hydra
 13806 | Lair:2   | Killed a one-headed hydra
 13806 | Lair:2   | Reached skill level 15 in Axes
 14667 | Lair:3   | Reached ***** piety under Trog
 16062 | Lair:4   | Reached XP level 13. HP: 55/125 MP: 13/13
 16245 | Lair:4   | Reached skill level 16 in Axes
 16695 | Lair:4   | Reached skill level 15 in Fighting
 17266 | Lair:5   | Found a staircase to the Swamp.
 17814 | Lair:5   | Noticed xarlamp's ghost (journeyman MiFi)
 17817 | Lair:5   | Found a staircase to the Snake Pit.
 17828 | Lair:5   | Killed xarlamp's ghost
 18788 | Lair:6   | Received a gift from Trog
 19237 | Lair:6   | Reached skill level 17 in Axes
 19792 | Lair:7   | Reached XP level 14. HP: 128/136 MP: 14/14
 20390 | D:9      | Found Inifatud's Assorted Antiques.
 20603 | D:9      | Found a radiant altar of Vehumet.
 20626 | D:9      | Received a gift from Trog
 20972 | D:9      | Found a basalt altar of Yredelemnul.
 21081 | D:10     | Entered Level 10 of the Dungeon
 21084 | D:10     | Noticed Harold
 21103 | D:10     | Killed Harold
 21192 | D:10     | Found a staircase to the Orcish Mines.
 21632 | Orc:1    | Entered Level 1 of the Orcish Mines
 21944 | Orc:2    | Entered Level 2 of the Orcish Mines
 21944 | Orc:2    | Noticed Rupert
 21970 | Orc:1    | Killed Rupert
 22513 | Orc:2    | Reached skill level 15 in Armour
 22562 | Orc:2    | Found a roughly hewn altar of Beogh.
 22661 | Orc:2    | Received a gift from Trog
 22751 | Orc:2    | Noticed an orc warlord
 22758 | Orc:2    | HP: 3/138 [orc high priest/halberd (20)]
 22760 | Orc:2    | Mangled by an orc knight

Skill      XL: |  1  2  3  4  5  6  7  8  9 10 11 12 13 14 |
---------------+-------------------------------------------+-----
Fighting       | 4 5 6 8 10 11 13 14 15 16 | 16.5
Axes           | 5 6 7 9 11 12 14 15 17 | 17.8
Armour         | 3 4 5 7 8 10 11 13 14 15 | 15.0
Dodging        | |  1.5

Action                   |  1- 3 |  4- 6 |  7- 9 | 10-12 | 13-15 || total
-------------------------+-------+-------+-------+-------+-------++-------
Melee: Hand axe          |    81 |   213 |   402 |    12 |    64 ||   772
       War axe           |       |       |    95 |   722 |     6 ||   823
       Battleaxe         |       |       |       |       |   592 ||   592
Invok: Berserk           |     1 |     5 |     5 |    12 |     6 ||    29
       Trog's Hand       |       |     3 |     2 |     5 |     4 ||    14
       Brothers in Arms  |       |       |       |       |     4 ||     4
  Use: Potion            |     2 |       |       |     4 |     3 ||     9
       Scroll            |       |       |    17 |     2 |     8 ||    27
  Eat: Chunk             |     2 |    11 |    17 |    16 |    22 ||    68
       Meat ration       |       |       |     1 |     4 |     1 ||     6
       Beef jerky        |       |       |       |     1 |     1 ||     2
       Fruit             |       |       |       |     2 |       ||     2
Armor: Animal skin       |    16 |    16 |       |       |       ||    32
       Chain mail        |       |    66 |   217 |       |       ||   283
       Plate armour      |       |       |    53 |   476 |   493 ||  1022
       Skin              |       |       |       |    51 |       ||    51
Dodge: Dodged            |    45 |   115 |   164 |   281 |   225 ||   830
Block: Other             |       |       |    12 |    13 |       ||    25
